 Dungeon Crawl Stone Soup version 0.30-a0-881-g1ff12e1e11 (webtiles) character file.

Game seed: 8322436572043517934

265059 Newt the Merry Kobold (level 20, -5/109 HPs)
             Began as a Kobold Hunter on Mar 13, 2023.
             Was the Champion of Hepliaklqana.
             Slain by an azure jelly (12 damage)
             ... on level 1 of the Pits of Slime on Mar 14, 2023.
             The game lasted 00:53:49 (32186 turns).

Newt the Merry Kobold (Kobold Hunter)              Turns: 32186, Time: 00:53:50

Health: -5/109     AC: -9    Str: 11    XL:     20   Next: 34%
Magic:  27/27      EV: 32    Int: 11    God:    Hepliaklqana [******]
Gold:   1671       SH: 29    Dex: 30    Spells: 19/19 levels left

rFire   . . .      SeeInvis .    b - +7 hand crossbow (heavy)
rCold   + + .      Faith    .    R - +5 kite shield of Vehumet's Inspiration {rC+ Dex+2 Stlth+}
rNeg    . . .      Spirit   .    L - +4 troll leather armour
rPois   .          Reflect  +    (helmet restricted)
rElec   .          Rampage  .    w - scarf {rC+ rF+}
rCorr   +                        (no gloves)
Will    +....                    y - +0 pair of boots
Stlth   ++++                     B - amulet of reflection
HPRegen 1.18/turn                t - +6 ring of dexterity
MPRegen 0.20/turn                W - ring of resist corrosion

@: studying Maces & Flails, corroded, unable to drink
A: reduced essence, small, no large weapons, nightstalker 3, antennae 1, talons
1, large bone plates 1, clumsy 1, heat vulnerability 1, inability to drink after
injury 1
}: 3/15 runes: decaying, serpentine, slimy
a: Renounce Religion, Recall Ancestor, Ancestor Identity, Transference, Idealise


You were on level 1 of the Pits of Slime.
You worshipped Hepliaklqana.
Hepliaklqana was exalted by your worship.
You visited 6 branches of the dungeon, and saw 34 of its levels.
You also visited: Bailey.

You collected 3236 gold pieces.
You spent 1565 gold pieces at shops.

Inventory:

Hand Weapons
 a - the +3 hand crossbow of Rabem {penet, *Slow +Blink rElec SInv Stlth+}
   (You acquired it on level 5 of the Pits of Slime)

   rElec:     It insulates you from electricity.
   SInv:      It lets you see invisible.
   +Blink:    It lets you blink.
   *Slow:     It may slow you when you take damage.
   Stlth:     It makes you more stealthy.
 b - a +7 heavy hand crossbow (weapon)
Missiles
 Z - 2 throwing nets
Armour
 r - a +2 kite shield of reflection
 w - a scarf of resistance (worn)
 y - a +0 pair of boots (worn)
 L - a +4 troll leather armour (worn)
 R - the +5 kite shield of Vehumet's Inspiration (worn) {rC+ Dex+2 Stlth+}
   (You took it off Asterion on level 2 of the Snake Pit)

   Dex:       It affects your dexterity (+2).
   rC:        It protects you from cold.
   Stlth:     It makes you more stealthy.
Jewellery
 m - a ring of ice
 n - a ring of protection from cold
 t - a +6 ring of dexterity (left hand)
 B - an amulet of reflection (around neck)
 D - a ring of protection from fire
 S - a ring of willpower
 W - a ring of resist corrosion (right hand)
Wands
 i - a wand of iceblast (20)
 x - a wand of charming (44)
 F - a wand of flame (47)
 O - a wand of digging (37)
 T - a wand of light (1)
 X - a wand of mindburst (19)
 Y - a wand of polymorph (9)
Scrolls
 e - 3 scrolls of fear
 h - a scroll of brand weapon
 j - 5 scrolls of blinking
 u - 19 scrolls of teleportation
 v - 2 scrolls of silence
 G - 6 scrolls of immolation
 K - a scroll of amnesia
 N - 3 scrolls of magic mapping
 P - 5 scrolls of enchant armour
 Q - 20 scrolls of identify
Potions
 c - 3 potions of berserk rage
 d - 6 potions of magic
 f - 8 potions of might
 g - 4 potions of curing
 o - 3 potions of brilliance
 p - 4 potions of heal wounds
 q - 4 potions of cancellation
 A - 7 potions of lignification
 E - 5 potions of flight
 H - 2 potions of haste
 M - 4 potions of ambrosia
 V - 3 potions of invisibility
Miscellaneous
 k - a tin of tremorstones (2/2)
 l - a phial of floods
 C - a lightning rod (4/4)
 I - a condenser vane
 U - a phantom mirror


   Skills:
 - Level 12.0 Fighting
 O Level 27 Ranged Weapons
 - Level 8.0 Armour
 + Level 17.0 Dodging
 - Level 1.3 Stealth
 - Level 10.0 Shields
 - Level 10.0 Invocations
 - Level 16.0 Evocations


You had 19 spell levels left.
You didn't know any spells.
Your spell library contained the following spells:

 Spells                   Type           Power      Damage    Failure   Level
 Sting                    Tmut/Pois      0%         1d3       82%         1
 Blink                    Tloc           0%         N/A       91%         2
 Cigotuvi's Dreadful Rot  Necr/Pois/Air  0%         N/A       91%         2
 Ensorcelled Hibernation  Hex/Ice        0%         N/A       91%         2
 Momentum Strike          Conj/Tloc      0%         3d8       91%         2
 Passwall                 Tmut/Erth      0%         N/A       91%         2
 Poisonous Vapours        Pois/Air       0%         N/A       91%         2
 Sublimation of Blood     Necr           0%         N/A       91%         2
 Wereblood                Tmut           0%         N/A       91%         2
 Call Canine Familiar     Summ           0%         N/A       99%         3
 Dazzling Flash           Conj/Hex       0%         N/A       99%         3
 Hailstorm                Conj/Ice       0%         3d3       99%         3
 Portal Projectile        Hex/Tloc       0%         N/A       99%         3
 Spider Form              Tmut/Pois      0%         N/A       99%         3
 Stone Arrow              Conj/Erth      0%         3d7       99%         3
 Swiftness                Air            0%         N/A       99%         3
 Tukima's Dance           Hex            0%         N/A       99%         3
 Airstrike                Air            0%         2d(0-16)  100%        4
 Anguish                  Hex/Necr       0%         N/A       100%        4
 Animate Armour           Summ/Erth      0%         N/A       100%        4
 Dispel Undead            Necr           0%         3d6       100%        4
 Leda's Liquefaction      Hex/Erth       0%         N/A       100%        4
 Manifold Assault         Tloc           0%         N/A       100%        4
 Olgreb's Toxic Radiance  Pois           0%         N/A       100%        4
 Passage of Golubria      Tloc           0%         N/A       100%        4
 Summon Lightning Spire   Summ/Air       0%         N/A       100%        4
 Freezing Cloud           Conj/Ice/Air   0%         6-21      100%        5
 Iskenderun's Battlesphe  Conj           0%         2d6       100%        5
 Lightning Bolt           Conj/Air       0%         1d11      100%        5
 Silence                  Hex/Air        0%         N/A       100%        5
 Yara's Violent Unravell  Hex/Tmut       0%         3d3       100%        5
 Death Channel            Necr           0%         N/A       100%        6
 Iron Shot                Conj/Erth      0%         9d1       100%        6
 Simulacrum               Ice/Necr       0%         N/A       100%        6
 Spellforged Servitor     Conj/Summ      0%         N/A       100%        7
 Storm Form               Tmut/Air       0%         N/A       100%        7
 Summon Hydra             Summ           0%         N/A       100%        7
 Lehudib's Crystal Spear  Conj/Erth      0%         10d2      100%        8
 Polar Vortex             Ice            0%         N/A       100%        9


Dungeon Overview and Level Annotations

Branches:
Dungeon (14/15)            Temple (0/1) D:6            Lair (5/5) D:10
  Swamp (4/4) Lair:3        Snake (4/4) Lair:3        Slime (5/5) Lair:5
    Orc (2/2) D:9             Elf (0/3) Orc:2        Vaults (0/5) D:13
 Bailey (visited)

Altars:
Ashenzari
Cheibriados
Dithmenos
Elyvilon
Hepliaklqana
Kikubaaqudgha
Makhleb
Nemelex Xobeh
Ru
Vehumet
Wu Jian
Xom
Yredelemnul
Jiyva
Lugonu

Shops:
D:1 !   D:3 !(*   D:4 ?   D:10 *   D:14 ?!!(*   Orc:2 *(=[*   Snake:1 =
Snake:4 *

Portals:
Abyss: Lair:5

Annotations:
D:8 4 transporters


Innate Abilities, Weirdness & Mutations

Your life essence is reduced to manifest your ancestor. (-10% HP)
You are small and have problems with some larger weapons.
You are completely attuned to the shadows.
You have a pair of small antennae on your head.
You have sharp toenails.
You are partially covered in large bone plates. (SH +4)
You are clumsy. (Dex -2)
You are vulnerable to heat. (rF-)
You occasionally lose the ability to drink potions when taking damage.


Message History

The azure jelly misses you. The azure jelly completely misses you.
Unknown command.
You are too confused!
You cannot drink potions in your current state!
The azure jelly attacks as you move away!
The azure jelly misses you. The azure jelly completely misses you.
The azure jelly closely misses you.
The azure jelly hits you but does no damage.
Acid dripping from the walls corrodes you.
Unknown command.
The acid blob spits acid at you. The splash of acid misses you.
Two slime creatures merge to form a titanic slime creature.
Unknown command.
You bump into the slime covered rock wall.
The azure jelly completely misses you. x2; The azure jelly hits you!
The azure jelly misses you.
Unknown command.
You clumsily bash the slime creature but do no damage.
The azure jelly jiggles.
The slime creature barely misses you. The acid blob closely misses you.
Unknown command.
You bump into the slime covered rock wall.
The acid blob spits acid at you. The splash of acid hits you! You resist.
* * * LOW HITPOINT WARNING * * *
Unknown command.
Unknown command.
You are too confused!
You clumsily bash the azure jelly but do no damage.
The azure jelly is heavily wounded.
You feel less confused. The acid blob spits acid at you.
The splash of acid hits you! You resist.
* * * LOW HITPOINT WARNING * * *
Two slime creatures merge to form a large slime creature.
You block the azure jelly's attack.
The azure jelly completely misses you. x3
A titanic slime creature splits.
You block the acid blob's attack. The azure jelly hits you!
You die...

#.#........#
#..........
.......>....
.........#.#
........## #
.##.......
#JJ......
##JJ..##.#
#@J.###
##J## ###


You could see an acid blob, an azure jelly, a very large slime creature, 2 large
slime creatures and a slime creature.

Vanquished Creatures
  Mara (Snake:3)
  the Lernaean hydra (Swamp:4)
  Vashnia (Snake:3)
  Saint Roka (Snake:2)
  Nikola (Swamp:1)
  Asterion (Snake:2)
  Frances (D:12)
  9 acid blobs
  A thorn hunter (Swamp:4)
  Kirke (Snake:2)
  A fenstrider witch (Swamp:4)
  6 nagarajas (Snake:4)
  8 azure jellies
  14 rockslimes
  Louise (Snake:2)
  An orc warlord (Orc:1)
  7 quicksilver oozes
  An eleionoma (Swamp:3)
  Nessos (D:12)
  A bunyip (Swamp:2)
  Snorg (Orc:2)
  An ettin (Orc:1)
  A shambling mangrove (Swamp:3)
  The ghost of Pooter the Basher, a journeyman MiMo of Trog (Lair:2)
  Erolcha (Orc:2)
  Erica (Orc:1)
  22 hydras
  9 anacondas
  A catoblepas (D:14)
  5 alligators
  A boulder beetle (D:11)
  5 two-headed ogres
  5 centaur warriors
  6 naga warriors
  8 death yaks
  2 orc high priests (Orc:2)
  4 shock serpents
  2 thrashing horrors (Lair:5)
  10 naga sharpshooters
  Urug (D:12)
  Sonja (D:10)
  2 large abominations (Lair:5)
  2 skysharks (Lair:2)
  2 salamander mystics (Snake:2)
  13 swamp dragons
  2 spriggan druids (Swamp:4)
  4 goliath frogs
  2 sea snakes (Snake:4)
  5 naga ritualists
  8 bog bodies (Swamp:4)
  4 orc sorcerers
  5 ugly things
  8 mana vipers
  2 cyclopes (D:14)
  12 salamanders
  3 will-o-the-wisps
  4 orc knights (Orc:2)
  3 manticores
  Maurice (Orc:2)
  24 black mambas
  16 elephants
  4 guardian serpents
  12 naga magi
  A smoke demon (Lair:5)
  An eye of devastation (Slime:5)
  9 cane toads
  A torpor snail (Lair:5)
  2 gargoyles
  An unseen horror (D:12)
  8 komodo dragons
  A rime drake (Lair:2)
  An ancient zyme (Lair:5)
  A bloated husk (Swamp:3)
  5 tyrant leeches
  6 hornets
  Prince Ribbit (D:8)
  10 trolls
  16 blink frogs
  4 polar bears
  9 dream sheep (Lair:5)
  37 slime creatures
  A centaur simulacrum (D:10)
  A shadow (D:10)
  4 spriggans
  A wraith (D:12)
  46 yaks
  6 wyverns
  2 ynoxinuls (Lair:5)
  4 basilisks
  Eustachio (D:5)
  4 golden eyes
  A steam dragon (Lair:3)
  5 vampire mosquitoes
  A hog (Snake:2)
  2 chaos spawn (Lair:5)
  16 swamp worms
  36 nagas
  6 small abominations (Lair:5)
  2 wargs (Orc:2)
  An acid dragon (D:11)
  7 water moccasins
  A floating eye (Slime:5)
  6 swamp drakes
  7 ice beasts
  4 black bears
  23 orc warriors
  2 sky beasts
  8 ogres
  5 wolves
  7 centaurs
  4 kobold brigands
  A phantom (D:5)
  4 bullfrogs
  2 scorpions
  A gnoll sergeant (D:11)
  4 wights (D:9)
  3 killer bees (D:10)
  5 electric eels
  7 howler monkeys
  6 hounds
  A sleepcap (D:5)
  12 orc priests
  2 jellies
  A gnoll bouda (D:6)
  5 iguanas
  16 orc wizards
  2 hell rats (Lair:5)
  17 gnolls
  9 adders
  3 shadow imps
  7 white imps
  3 ufetubi
  A dart slug (D:11)
  62 orcs
  6 ball pythons
  2 bats (D:1)
  3 endoplasms
  4 giant cockroaches
  9 hobgoblins
  14 kobolds
  3 quokkas (D:4)
  4 frilled lizards
  10 goblins
  2 rats (D:1)
844 creatures vanquished.

Vanquished Creatures (collateral kills)
  the Royal Jelly (Slime:5)
  4 acid blobs
  A thorn hunter (Swamp:4)
  4 rockslimes
  4 azure jellies
  Aizul (Snake:2)
  2 great orbs of eyes (Slime:5)
  2 hydras
  A two-headed ogre (D:8)
  2 anacondas (Snake:1)
  2 alligators
  8 naga warriors
  3 death yaks
  A thrashing horror (Lair:5)
  A shock serpent (Snake:1)
  2 orc high priests
  4 sea snakes (Snake:4)
  A swamp dragon (Swamp:4)
  A naga ritualist (Snake:4)
  A bog body (Swamp:4)
  An orc knight (Orc:2)
  A wizard (D:13)
  An orc sorcerer (Orc:2)
  3 salamanders
  2 shining eyes
  6 mana vipers
  A cyclops (D:14)
  2 black mambas (Snake:4)
  4 elephants
  2 guardian serpents (Snake:4)
  A smoke demon (Lair:5)
  An eye of devastation (Slime:5)
  A naga mage (Snake:3)
  2 cane toads
  An unseen horror (D:12)
  2 kobold demonologists
  An ancient zyme (Lair:5)
  A troll (shapeshifter) (Lair:5)
  2 blink frogs (Lair:5)
  A dream sheep (Lair:5)
  24 slime creatures
  A basilisk (Lair:5)
  2 yaks (D:10)
  2 golden eyes (Slime:5)
  A large abomination (Lair:5)
  A chaos spawn (Lair:5)
  A steam dragon (D:8)
  2 vampire mosquitoes
  8 nagas
  A warg (Orc:2)
  2 swamp worms
  7 orc warriors
  3 swamp drakes
  3 small abominations (Lair:5)
  An ogre (Orc:1)
  2 wolves (Lair:5)
  2 centaurs (D:14)
  A wight (D:9)
  A jelly (Lair:2)
  3 orc priests
  6 orc wizards
  4 hell rats (Lair:5)
  A centaur simulacrum (D:10)
  A gnoll (D:11)
  An ufetubus (D:10)
  19 orcs
  A goblin (Bailey)
  A kobold (D:10)
184 creatures vanquished.

Vanquished Creatures (others)
  2 salamanders
  A naga mage (Snake:4)
  A human (Snake:2)
  17 knights
  An orc (D:10)
  A quokka (D:10)
  3 kobolds (D:10)
  2 foxfires (Swamp:4)
  14 fungi
  23 plants
65 creatures vanquished.

Grand Total: 1093 creatures vanquished

Notes
Turn   | Place    | Note
-------+----------+-------------------------------------------
     0 | D:1      | Newt the Kobold Hunter began the quest for the Orb.
     0 | D:1      | Reached XP level 1. HP: 12/12 MP: 1/1
   118 | D:1      | Found Udwye's Distillery.
   257 | D:1      | Reached XP level 2. HP: 18/18 MP: 2/2
   492 | D:1      | Found a faded altar of an unknown god.
   931 | D:2      | Reached XP level 3. HP: 17/24 MP: 3/3
  1264 | D:2      | Found a sacrificial altar of Ru.
  1592 | D:3      | Reached XP level 4. HP: 24/30 MP: 4/4
  1598 | D:3      | Reached skill level 5 in Fighting
  1645 | D:3      | Found a basalt altar of Yredelemnul.
  1696 | D:3      | Found Okearal's Distillery.
  1708 | D:3      | Reached XP level 5. HP: 29/35 MP: 5/5
  1709 | D:3      | Reached skill level 6 in Ranged Weapons
  1922 | D:3      | Found Jereid Zau's Weapon Shoppe.
  1934 | D:3      | Reached skill level 7 in Ranged Weapons
  2021 | D:3      | Found Howem's Assorted Antiques.
  2026 | D:3      | Bought a scroll labelled TEOSHR ZADIE for 25 gold pieces
  2026 | D:3      | Bought a scroll labelled PEANUD EMO for 25 gold pieces
  2026 | D:3      | Bought a scroll labelled TEOSHR ZADIE for 25 gold pieces
  2386 | D:4      | Found Ewut's Magic Scroll Boutique.
  2411 | D:4      | Noticed an ogre
  2419 | D:4      | Reached XP level 6. HP: 40/40 MP: 6/6
  2420 | D:4      | Killed an ogre
  2421 | D:4      | Reached skill level 8 in Ranged Weapons
  2613 | D:4      | Bought a scroll of identify for 24 gold pieces
  2673 | D:4      | Reached XP level 7. HP: 44/44 MP: 7/7
  3368 | D:5      | Entered Level 5 of the Dungeon
  3418 | D:5      | Reached skill level 9 in Ranged Weapons
  3433 | D:5      | Noticed Eustachio
  3469 | D:5      | Killed Eustachio
  3602 | D:5      | Reached skill level 10 in Ranged Weapons
  3648 | D:5      | Found a sparkling altar of Nemelex Xobeh.
  3765 | D:5      | Found a burning altar of Makhleb.
  3807 | D:5      | Found a shimmering altar of Xom.
  3811 | D:5      | Found a broken altar of Ashenzari.
  3815 | D:5      | Found an ancient bone altar of Kikubaaqudgha.
  3829 | D:5      | Found an ornate altar of the Wu Jian Council.
  3833 | D:5      | Reached XP level 8. HP: 41/49 MP: 8/8
  3863 | D:5      | Found a hazy altar of Hepliaklqana.
  3944 | D:5      | Reached skill level 5 in Dodging
  3965 | D:5      | Became a worshipper of Hepliaklqana the Forgotten
  4692 | D:5      | Reached skill level 11 in Ranged Weapons
  5128 | D:6      | Found a hazy altar of Hepliaklqana.
  5208 | D:6      | Reached skill level 12 in Ranged Weapons
  5208 | D:6      | Reached XP level 9. HP: 54/54 MP: 9/9
  5366 | D:6      | Found a shadowy altar of Dithmenos.
  5366 | D:6      | Found a sacrificial altar of Ru.
  5390 | D:6      | Found a staircase to the Ecumenical Temple.
  5580 | D:6      | Reached skill level 13 in Ranged Weapons
  6152 | D:7      | Reached skill level 14 in Ranged Weapons
  6270 | D:7      | Reached * piety under Hepliaklqana
  6933 | D:8      | Found a transporter.
  6958 | D:8      | Found a transporter.
  7015 | D:8      | Noticed a two-headed ogre
  7023 | D:8      | Killed a two-headed ogre
  7024 | D:8      | Reached skill level 15 in Ranged Weapons
  7024 | D:8      | Reached XP level 10. HP: 53/53 MP: 10/10
  7222 | D:8      | Reached skill level 5 in Evocations
  7252 | D:8      | Found a transporter.
  7334 | D:8      | Found a transporter.
  7403 | D:8      | Noticed Prince Ribbit
  7405 | D:8      | Killed Prince Ribbit
  7482 | D:9      | Reached ** piety under Hepliaklqana
  7483 | D:9      | Remembered your ancestor Taribatum as a knight
  7484 | D:9      | Found a flagged portal.
  7492 | Bailey   | Entered a bailey
  7653 | Bailey   | Noticed an orc high priest
  7657 | Bailey   | Killed an orc high priest
  7726 | Bailey   | Reached skill level 1 in Armour
  7874 | Bailey   | Found an iron altar of Okawaru.
  7875 | Bailey   | Noticed a kobold demonologist
  7882 | Bailey   | Killed a kobold demonologist
  8116 | D:9      | Acquired a +2 heavy hand crossbow
  8192 | D:9      | Noticed a gargoyle
  8200 | D:9      | Killed a gargoyle
  8201 | D:9      | Reached XP level 11. HP: 46/61 MP: 11/11
  8359 | D:9      | Reached skill level 16 in Ranged Weapons
  8514 | D:9      | Found a staircase to the Orcish Mines.
  8660 | D:9      | Reached skill level 17 in Ranged Weapons
  8815 | D:10     | Entered Level 10 of the Dungeon
  9014 | D:10     | Reached skill level 18 in Ranged Weapons
  9081 | D:10     | Found a radiant altar of Vehumet.
  9101 | D:10     | Found a staircase to the Lair.
  9119 | D:10     | Noticed a death yak
  9129 | D:10     | Killed a death yak
  9245 | D:10     | Reached XP level 12. HP: 65/65 MP: 12/12
  9286 | D:10     | Found Patotue's Practical Paraphernalia.
  9308 | D:10     | Noticed Sonja
  9309 | D:10     | Killed Sonja
  9310 | D:10     | Reached skill level 19 in Ranged Weapons
  9330 | D:10     | Noticed a two-headed ogre
  9332 | D:10     | Killed a two-headed ogre
  9434 | D:10     | Found a white marble altar of Elyvilon.
  9713 | D:10     | Reached skill level 20 in Ranged Weapons
 10293 | D:11     | Found a snail-covered altar of Cheibriados.
 10319 | D:11     | Reached *** piety under Hepliaklqana
 10330 | D:11     | Noticed a boulder beetle
 10332 | D:11     | Killed a boulder beetle
 10482 | D:11     | Noticed a two-headed ogre
 10484 | D:11     | Killed a two-headed ogre
 10744 | D:12     | Noticed a two-headed ogre
 10747 | D:12     | Reached skill level 10 in Dodging
 10753 | D:11     | Killed a two-headed ogre
 10951 | D:12     | Reached XP level 13. HP: 70/70 MP: 13/13
 10990 | D:12     | Noticed Nessos
 10994 | D:12     | Killed Nessos
 11303 | D:12     | Noticed Urug
 11308 | D:12     | Killed Urug
 11311 | D:12     | Noticed Frances
 11319 | D:12     | Killed Frances
 11320 | D:12     | Reached skill level 21 in Ranged Weapons
 11871 | D:13     | Noticed a six-headed hydra
 11874 | D:13     | Killed a six-headed hydra
 11920 | D:13     | Noticed a centaur warrior
 11923 | D:13     | Killed a centaur warrior
 12091 | D:13     | Reached skill level 22 in Ranged Weapons
 12292 | D:13     | Found a gate to the Vaults.
 12337 | D:13     | Noticed a four-headed hydra
 12341 | D:13     | Killed a four-headed hydra
 12364 | D:13     | Reached **** piety under Hepliaklqana
 12535 | D:14     | Found Fuif's Magic Scroll Emporium.
 12540 | D:14     | Bought a scroll of identify for 32 gold pieces
 12540 | D:14     | Bought a scroll of identify for 32 gold pieces
 12563 | D:14     | Found Puolus's Distillery.
 12568 | D:14     | Bought a potion of heal wounds for 70 gold pieces
 12573 | D:14     | Noticed a centaur warrior
 12576 | D:14     | Killed a centaur warrior
 12578 | D:14     | Gained mutation: Your mind is acute. (Int +4, Str/Dex -1)
                  | [potion of mutation]
 12578 | D:14     | Gained mutation: You sometimes lose your temper in combat.
                  | [potion of mutation]
 12579 | D:14     | Lost mutation: Your mind is acute. (Int +4, Str/Dex -1)
                  | [potion of mutation]
 12579 | D:14     | Lost mutation: You sometimes lose your temper in combat.
                  | [potion of mutation]
 12579 | D:14     | Gained mutation: You are vulnerable to cold. (rC-) [potion
                  | of mutation]
 12580 | D:14     | Lost mutation: You are vulnerable to cold. (rC-) [potion of
                  | mutation]
 12580 | D:14     | Gained mutation: You are frail. (-10% HP) [potion of
                  | mutation]
 12580 | D:14     | Gained mutation: You are strong-willed. (Will+) [potion of
                  | mutation]
 12580 | D:14     | Gained mutation: You possess an exceptional clarity of
                  | mind. [potion of mutation]
 12648 | D:14     | Noticed a catoblepas
 12653 | D:14     | Killed a catoblepas
 12821 | D:14     | Found Ragereap's Distillery.
 12827 | D:14     | Bought a potion of heal wounds for 85 gold pieces
 12827 | D:14     | Bought a potion of heal wounds for 85 gold pieces
 12915 | D:14     | Noticed an eight-headed hydra
 12920 | D:14     | Killed an eight-headed hydra
 12983 | D:14     | Noticed a centaur warrior
 12985 | D:14     | Killed a centaur warrior
 12986 | D:14     | Noticed a centaur warrior
 12986 | D:14     | Killed a centaur warrior
 12987 | D:14     | Reached skill level 23 in Ranged Weapons
 12988 | D:14     | Reached XP level 14. HP: 59/67 MP: 14/14
 13019 | D:14     | Found Luon's Assorted Antiques.
 13183 | D:14     | Identified the +12 falchion "Ywkat" {heavy, Will+ Str+3
                  | Dex+2}
 13207 | D:14     | Found Xunwoser's Weapon Shop.
 13649 | Lair:1   | Entered Level 1 of the Lair of Beasts
 13936 | Lair:1   | Reached ***** piety under Hepliaklqana
 14648 | Lair:2   | Reached skill level 24 in Ranged Weapons
 14776 | Lair:2   | Found a runed translucent gate.
 14777 | Lair:2   | Found a runed translucent gate.
 14778 | Lair:2   | Found a runed translucent gate.
 14778 | Lair:2   | Noticed Pooter's ghost (journeyman MiMo)
 14790 | Lair:2   | Killed Pooter's ghost
 14925 | Lair:2   | Reached skill level 5 in Invocations
 15469 | Lair:2   | Found a viscous altar of Jiyva.
 15932 | Lair:3   | Reached skill level 10 in Invocations
 15932 | Lair:3   | Reached XP level 15. HP: 70/70 MP: 22/22
 16087 | Lair:3   | Found a staircase to the Swamp.
 16152 | Lair:3   | Found a staircase to the Snake Pit.
 16900 | Lair:4   | Reached skill level 10 in Fighting
 17394 | Lair:5   | Entered Level 5 of the Lair of Beasts
 17690 | Lair:5   | Found a staircase to the Slime Pits.
 17691 | Lair:5   | Reached ****** piety under Hepliaklqana
 17866 | Lair:5   | Reached skill level 25 in Ranged Weapons
 17894 | Lair:5   | Found a corrupted altar of Lugonu.
 17899 | Lair:5   | Found a one-way gate to the infinite horrors of the Abyss.
 17964 | Lair:5   | Reached XP level 16. HP: 80/80 MP: 20/23
 18634 | Orc:1    | Entered Level 1 of the Orcish Mines
 18757 | Orc:2    | Entered Level 2 of the Orcish Mines
 18818 | Orc:2    | Noticed Erolcha
 18822 | Orc:2    | Killed Erolcha
 18965 | Orc:2    | Reached skill level 26 in Ranged Weapons
 19015 | Orc:2    | Found Cyutidab's General Store.
 19016 | Orc:2    | Found Abecaf's Antique Armour Emporium.
 19023 | Orc:2    | Bought a runed scarf for 216 gold pieces
 19034 | Orc:2    | Found Kuwywoll's Jewellery Emporium.
 19036 | Orc:2    | Found Obuy's Weapon Boutique.
 19099 | Orc:2    | Found a staircase to the Elven Halls.
 19119 | Orc:2    | Found Metily's Gadget Gallery.
 19210 | Orc:2    | Noticed Maurice
 19212 | Orc:2    | Killed Maurice
 19269 | Orc:2    | Noticed Snorg
 19271 | Orc:2    | Killed Snorg
 19502 | Orc:2    | Bought a glowing helmet for 202 gold pieces
 19519 | Orc:2    | Bought an amulet of reflection for 420 gold pieces
 19537 | Orc:2    | Bought a shiny orb for 324 gold pieces
 19659 | Orc:1    | Noticed Erica
 19661 | Orc:1    | Killed Erica
 20053 | Swamp:1  | Entered Level 1 of the Swamp
 20260 | Swamp:1  | Noticed Nikola
 20268 | Swamp:1  | Killed Nikola
 20269 | Swamp:1  | Reached skill level 27 in Ranged Weapons
 22317 | Swamp:4  | Entered Level 4 of the Swamp
 22324 | Swamp:3  | Reached XP level 17. HP: 82/84 MP: 24/24
 22565 | Swamp:4  | Noticed a thorn hunter
 22566 | Swamp:4  | Killed a thorn hunter
 22567 | Swamp:4  | Reached skill level 15 in Dodging
 23084 | Swamp:4  | Noticed a thorn hunter
 23088 | Swamp:4  | Killed a thorn hunter
 23284 | Swamp:4  | Reached skill level 5 in Armour
 23431 | Swamp:4  | Noticed the 27-headed Lernaean hydra
 23438 | Swamp:4  | Killed the 27-headed Lernaean hydra
 23450 | Swamp:4  | Got a decaying rune of Zot
 23752 | Snake:1  | Entered Level 1 of the Snake Pit
 23987 | Snake:1  | Found Gophacot's Jewellery Emporium.
 24922 | Snake:2  | Noticed Louise
 24927 | Snake:2  | Killed Louise
 24930 | Snake:2  | Reached XP level 18. HP: 64/89 MP: 25/25
 25038 | Snake:2  | Noticed Saint Roka
 25043 | Snake:2  | Killed Saint Roka
 25323 | Snake:2  | Identified the +5 kite shield of Vehumet's Inspiration {rC+
                  | Dex+2 Stlth+}
 25323 | Snake:2  | Noticed Asterion
 25330 | Snake:2  | Gained mutation: Your body sometimes deteriorates upon
                  | taking damage. [a cacodemon]
 25334 | Snake:2  | Gained mutation: You are occasionally teleported next to
                  | monsters. [a cacodemon]
 25335 | Snake:2  | Killed Asterion
 25713 | Snake:2  | Noticed Aizul
 25713 | Snake:2  | Noticed Kirke
 25721 | Snake:2  | Killed Aizul
 25725 | Snake:2  | Killed Kirke
 25726 | Snake:2  | Reached skill level 10 in Evocations
 26017 | Snake:2  | Identified the +0 helmet "Gulewitei" {Will+ Str+3 Dex-4}
 26599 | Snake:3  | Noticed Mara
 26601 | Snake:3  | Noticed Newt's illusion
 26609 | Snake:3  | Killed Mara
 26696 | Snake:3  | Noticed Vashnia
 26702 | Snake:3  | Killed Vashnia
 27099 | Snake:3  | Lost mutation: You are strong-willed. (Will+) [potion of
                  | mutation]
 27099 | Snake:3  | Lost mutation: Your body sometimes deteriorates upon taking
                  | damage. [potion of mutation]
 27099 | Snake:3  | Lost mutation: You are frail. (-10% HP) [potion of
                  | mutation]
 27099 | Snake:3  | Gained mutation: You have sharp toenails. [potion of
                  | mutation]
 27099 | Snake:3  | Gained mutation: You occasionally lose the ability to read
                  | scrolls when taking damage. [potion of mutation]
 27100 | Snake:3  | Lost mutation: You possess an exceptional clarity of mind.
                  | [potion of mutation]
 27100 | Snake:3  | Lost mutation: You occasionally lose the ability to read
                  | scrolls when taking damage. [potion of mutation]
 27100 | Snake:3  | Lost mutation: You have sharp toenails. [potion of
                  | mutation]
 27100 | Snake:3  | Gained mutation: You are clumsy. (Dex -2) [potion of
                  | mutation]
 27100 | Snake:3  | Gained mutation: Your flesh is heat resistant. (rF+)
                  | [potion of mutation]
 27101 | Snake:3  | Lost mutation: Your flesh is heat resistant. (rF+) [potion
                  | of mutation]
 27101 | Snake:3  | Lost mutation: You are clumsy. (Dex -2) [potion of
                  | mutation]
 27101 | Snake:3  | Gained mutation: You expend magic power (3 MP) to
                  | strengthen your wands. [potion of mutation]
 27101 | Snake:3  | Gained mutation: You occasionally lose the ability to drink
                  | potions when taking damage. [potion of mutation]
 27101 | Snake:3  | Gained mutation: You are clumsy. (Dex -2) [potion of
                  | mutation]
 27101 | Snake:3  | Gained mutation: You are partially covered in large bone
                  | plates. (SH +4) [potion of mutation]
 27102 | Snake:3  | Lost mutation: You expend magic power (3 MP) to strengthen
                  | your wands. [potion of mutation]
 27102 | Snake:3  | Lost mutation: You are occasionally teleported next to
                  | monsters. [potion of mutation]
 27102 | Snake:3  | Gained mutation: You have sharp toenails. [potion of
                  | mutation]
 27102 | Snake:3  | Gained mutation: You have a pair of small antennae on your
                  | head. [potion of mutation]
 27743 | Snake:4  | Entered Level 4 of the Snake Pit
 27743 | Snake:4  | Found Qatighuo's Mass Market.
 27802 | Snake:4  | Reached skill level 1 in Shields
 27957 | Snake:4  | Reached XP level 19. HP: 104/104 MP: 26/26
 28340 | Snake:4  | Reached skill level 5 in Shields
 28884 | Snake:4  | Got a serpentine rune of Zot
 29071 | Snake:4  | Identified the +8 short sword of Ocaaqeh {flame, Fragile
                  | rElec Str+6}
 29240 | Slime:1  | Entered Level 1 of the Pits of Slime
 30421 | Slime:2  | Upgraded the game from 0.30-a0-879-ga8ba668304 to
                  | 0.30-a0-881-g1ff12e1e11
 30472 | Slime:2  | You fall into a shaft and drop 2 floors!
 30481 | Slime:5  | Entered Level 5 of the Pits of Slime
 30554 | Slime:5  | Noticed the Royal Jelly
 31178 | Slime:5  | Reached skill level 10 in Shields
 31231 | Slime:5  | Killed the Royal Jelly
 31232 | Slime:5  | Reached XP level 20. HP: 84/109 MP: 27/27
 31233 | Slime:5  | HP: 5/109 [azure jelly[the Royal Jelly] (9)]
 31233 | Slime:5  | HP: 2/109 [azure jelly[the Royal Jelly] (3)]
 31263 | Slime:5  | HP: 3/109 [rockslime[the Royal Jelly] (26)]
 31574 | Slime:5  | Reached skill level 15 in Evocations
 31778 | Slime:5  | Got a slimy rune of Zot
 31805 | Slime:5  | Identified the +3 long sword "Kotinwuloh" {holy, rPois rN+
                  | Dex+4 Stlth+}
 31834 | Slime:5  | Got the Secrets of Kinetic Energy
 31861 | Slime:5  | Acquired the +3 hand crossbow of Rabem {penet, *Slow +Blink
                  | rElec SInv Stlth+}
 31919 | Slime:5  | Identified the +8 quarterstaff "Beetleslayer" {flame, rElec
                  | Str-4 Dex+2}
 32064 | Slime:3  | Gained mutation: You are vulnerable to heat. (rF-) [a
                  | shining eye]
 32186 | Slime:1  | Slain by an azure jelly

Illustrated notes

Levels and vault maps discovered:
D:1:      dpeg_arrival_pits, layout_loops_ring, serial_shops,
          nicolae_diamond_shop, shapermc_ecumenical_altar_totnotflames
D:2:      layout_loops_ring, basic_altar, dk_vineyard_1
D:3:      layout_loops_ring, general_overflow_altar, serial_shops, shop, shop,
          nicolae_shop_waterfront
D:4:      layout_basic, serial_shops, nicolae_shop_hallway_plus
D:5:      layout_gridville, kennysheep_mini_moat,
          nicolae_overflow_hallway_of_the_gods, lemuel_flame_loot_1,
          uniq_eustachio
D:6:      layout_basic, gammafunk_temple_overflow_statue,
          minmay_temple_entry_mist, minmay_ruined_shrine
D:7:      layout_loops_cross, hangedman_abyss_or_decor_lesser_grid
D:8:      layout_loops_ring, nicolae_transporter_intersection,
          uniq_prince_ribbit1
D:9:      layout_rooms, erik_orc_4, enter_bailey_2
D:10:     layout_rooms, elyvilon_altar_4, fiery_altar_vehumet,
          david_lair_generic, serial_ice, serial_ice_c, serial_ice_l,
          serial_ice_d, serial_ice_g, serial_ice_n, serial_ice_h, serial_ice_f,
          serial_ice_a, serial_ice_b, serial_ice_m, chequers_mini_garden,
          nicolae_alphabet_shops, uniq_sonja
D:11:     layout_roguey, kennysheep_slug_shrine
D:12:     layout_loops_cross, uniq_urug, uniq_frances, uniq_nessos
D:13:     layout_long_grid, david_vaults_1
D:14:     layout_long_grid, serial_shops, nicolae_stop_n_shop_1,
          nicolae_shop_hallway_stairs, nicolae_shop_bloodbath_and_beyond, shop,
          nicolae_square_shop, minmay_puff
Lair:1:   layout_regular_city, serial_bayou_shore_a
Lair:2:   layout_gridlike, gammafunk_ghost_ooze, nzn_random_ring,
          serial_bayou_shore_b
Lair:3:   layout_regular_city, minmay_swamp_entry_reptiles,
          minmay_snake_entry_guardpost_small
Lair:4:   layout_misc_corridors, grunt_megastairs_3
Lair:5:   hellmonk_lair_end_abyssal_woods, layout_small_grid, slime_entry_1,
          eino_small_chamber_without_monster, serial_bayou_ford_a, minivault_19
Swamp:1:  nicolae_swamp_tree_isthmus, layout_basic_swamp,
          nicolae_swamp_dense_foliage, infiniplex_staircase_pool, uniq_nikola
Swamp:2:  layout_basic_swamp, nicolae_swamp_trees_clearing,
          nicolae_swamp_tree_designs
Swamp:3:  layout_falls_marsh, evilmike_swamp_ruin_house_4, swamp_pool1
Swamp:4:  grunt_swamp_rune_castle, layout_basic_swamp
Snake:1:  layout_chambers, serial_shops, nicolae_shop_hallway_plus,
          hangedman_snake_pattern, grunt_megastairs_5
Snake:2:  layout_honeycomb, statue_in_the_mist_lemuel,
          nicolae_snake_guarding_the_ruins, grunt_megastairs_4, uniq_aizul,
          uniq_asterion, uniq_louise, uniq_kirke, uniq_saint_roka
Snake:3:  cheibrodos_snake_ritualist_ritual, layout_onion_interference,
          grunt_megastairs_2, uniq_vashnia, uniq_mara
Snake:4:  grunt_snake_rune_pools, layout_misc_corridors, minmay_shop_mass
Slime:1:  layout_caves, special_room [special_room_jelly]
Slime:2:  layout_caves, nicolae_slime_barrier
Slime:3:  layout_caves
Slime:4:  layout_caves
Slime:5
Orc:1:    layout_caves, uniq_erica
Orc:2:    st_orc_elflike, layout_caves, hellmonk_bongcloud_opening,
          nicolae_shop_gadgets, uniq_erolcha, uniq_snorg, uniq_maurice

Skill      XL: |  1  2  3  4  5  6  7  8  9 10 11 12 13 14 15 16 17 18 19 20 |
---------------+-------------------------------------------------------------+-----
Fighting       | 3 4 5 8 12 | 12.0
Ranged Weapons | 7 8 10 12 15 18 20 23 24 25 27 | 27.0
Dodging        | 4 6 11 12 14 17 | 17.0
Evocations     | 4 6 14 16 | 16.0
Armour         | 4 7 8 |  8.0
Invocations    | 10 | 10.0
Shields        | 2 10 | 10.0
Stealth        | |  1.3

Action                     |  1- 3 |  4- 6 |  7- 9 | 10-12 | 13-15 | 16-18 | 19-21 || total
---------------------------+-------+-------+-------+-------+-------+-------+-------++-------
  Melee: Shortbow          |       |     1 |       |       |       |       |       ||     1
         Hand crossbow     |       |       |       |       |       |       |     6 ||     6
   Fire: Shortbow          |    41 |    79 |   266 |    80 |       |       |       ||   466
         Hand crossbow     |       |       |       |   222 |   403 |   573 |   316 ||  1514
 Invoke: Ancestor Life: Kn |       |       |       |     1 |       |       |       ||     1
         Idealise          |       |       |       |       |     1 |     3 |       ||     4
         Recall Ancestor   |       |       |       |       |       |     3 |     2 ||     5
         Transference      |       |       |       |       |       |       |     1 ||     1
  Evoke: Wand              |       |       |       |       |       |     5 |     5 ||    10
         Tin of tremorston |       |       |       |       |       |     2 |     1 ||     3
         Phantom mirror    |       |       |       |       |       |       |     1 ||     1
    Use: Scroll            |     5 |     3 |     7 |    10 |     6 |     6 |    13 ||    50
         Potion            |       |     3 |     6 |       |     5 |     9 |     7 ||    30
 Armour: Leather armour    |     3 |     9 |    49 |    20 |       |       |       ||    81
         Troll leather arm |       |       |       |     3 |    15 |    22 |    22 ||    62
  Dodge: Dodged            |    10 |    27 |   192 |   133 |   267 |   328 |   252 ||  1209
  Block: Orb               |       |       |       |       |       |    42 |       ||    42
         Reflection        |       |       |       |       |       |    19 |    19 ||    38
         Kite shield       |       |       |       |       |       |   108 |   334 ||   442

Table legend: (Time is in decaauts)
 A = Elapsed time spent in this place.
 B = Non-inter-level travel time spent in this place.
 C = Inter-level travel time spent in this place.
 D = Time resting spent in this place.
 E = Time spent auto-exploring this place.
 F = Levels seen in this place.
 G = Mean time per level.
                   A        B        C        D        E       F      G
               +--------+--------+--------+--------+--------+-----+--------+
         Total |  33373 |  31808 |   1565 |   5769 |  21166 |  35 |  953.5 |
       Dungeon |  13316 |  12750 |    566 |   1806 |   9421 |  14 |  951.1 |
          Lair |   5336 |   4922 |    414 |    237 |   3982 |   5 | 1067.2 |
         Swamp |   3974 |   3794 |    180 |    753 |   2600 |   4 |  993.5 |
     Snake Pit |   5688 |   5434 |    254 |   1046 |   3533 |   4 | 1422.0 |
    Slime Pits |   3056 |   3044 |     12 |   1901 |    172 |   5 |  611.2 |
  Orcish Mines |   1370 |   1233 |    137 |     24 |    934 |   2 |  685.0 |
        Bailey |    630 |    630 |      0 |      0 |    522 |   1 |  630.0 |
               +--------+--------+--------+--------+--------+-----+--------+

Top non-repeatable levels by time:
     D:5: 1623 daAuts
 Snake:3: 1542 daAuts
 Snake:4: 1474 daAuts
 Snake:2: 1457 daAuts
    D:10: 1417 daAuts
 Swamp:4: 1321 daAuts
  Lair:5: 1228 daAuts
 Slime:2: 1216 daAuts
 Snake:1: 1214 daAuts
  Lair:3: 1184 daAuts
  Lair:2: 1139 daAuts
 Swamp:3: 1123 daAuts
  Lair:1: 1066 daAuts
     D:4: 1051 daAuts
    D:14: 1026 daAuts
